 Dungeon Crawl Stone Soup version 0.21.0-3-g78d12a8bdd (webtiles) character file.

6172 Jannitor the Nimble (level 11, -3/76 HPs)
             Began as a Halfling Wanderer on Jan 11, 2018.
             Slain by an unseen horror (7 damage)
             ... on level 10 of the Dungeon.
             The game lasted 00:24:02 (14296 turns).

Jannitor the Nimble (Halfling Wanderer)            Turns: 14296, Time: 00:24:03

Health: -3/76      AC:  4    Str: 15    XL:     11   Next: 13%
Magic:  12/12      EV: 22    Int:  9    God:
Gold:   556        SH:  0    Dex: 19    Spells: 12/12 levels left

rFire    + + .     SeeInvis .   a - +0 lajatang
rCold    + . .     Gourm    .   (shield currently unavailable)
rNeg     . . .     Faith    .   o - +2 robe {rC+ rF+}
rPois    .         Spirit   .   (no helmet)
rElec    .         Reflect  .   (no cloak)
rCorr    .         Harm     .   (no gloves)
MR       .....                  (no boots)
Stlth    ++........             (no amulet)
HPRegen  0.22/turn              e - ring of protection from fire
MPRegen  0.13/turn              (no ring)

@: drained
A: small, agile 1, mutation resistance 1
a: no special abilities


You were on level 10 of the Dungeon.
You were not hungry.

You visited 1 branch of the dungeon, and saw 10 of its levels.

You collected 556 gold pieces.

Inventory:

Hand Weapons
 a - a +0 lajatang (weapon)
 b - a +2 hunting sling
 y - a +2 quarterstaff
Missiles
 k - 37 sling bullets
 l - 146 stones (quivered)
Armour
 c - a +0 robe
 o - a +2 robe of resistance (worn)
 s - a +0 pair of boots
Magical Staves
 p - an uncursed staff of wizardry
Jewellery
 e - a ring of protection from fire (left hand)
 r - an uncursed ring of poison resistance {unknown}
Wands
 g - a wand of disintegration (6)
 j - a wand of enslavement (17)
 x - a wand of flame (18)
 B - a wand of digging (11)
Scrolls
 h - 7 scrolls of identify
 i - 7 scrolls of remove curse
 m - a scroll of enchant armour
 n - 2 scrolls of blinking
 q - 9 scrolls of teleportation
 A - 2 scrolls of enchant weapon
Potions
 f - a potion of flight
 u - 2 potions of haste
 w - 2 potions of heal wounds
 z - a potion of brilliance {unknown}
Books
 t - a book of Cantrips

   Spells                             Type                      Level
   a - Confusing Touch                Hexes                        1
   b - Animate Skeleton               Necromancy                   1
   c - Summon Small Mammal            Summoning                    1
   d - Apportation                    Translocation                1
 v - a Young Poisoner's Handbook

   Spells                             Type                      Level
   a - Sting                          Conjuration/Poison           1
   b - Poisonous Vapours              Poison/Air                   2
   c - Mephitic Cloud                 Conjuration/Poison/Air       3
   d - Olgreb's Toxic Radiance        Poison                       4
   e - Venom Bolt                     Conjuration/Poison           5
Comestibles
 d - 13 rations


   Skills:
 + Level 7.6 Fighting
 + Level 7.0(6.9) Staves
 + Level 7.8(7.7) Throwing
 + Level 9.0(8.9) Dodging
 - Level 1.1(1.0) Stealth
   Level 1.1(1.0) Shields
 - Level 1.0(0.9) Spellcasting
   Level 1.5 Conjurations


You had 12 spell levels left.
You didn't know any spells.

Dungeon Overview and Level Annotations

Branches:
Dungeon (10/15)            Temple (0/1) D:7            Lair (0/6) D:10
    Orc (0/2) D:9

Altars:
Vehumet
Zin

Annotations:
D:6 1 runed door
D:7 1 runed door


Innate Abilities, Weirdness & Mutations

You are small and have problems with some larger weapons.
You are somewhat resistant to further mutation.
You are agile. (Dex +2)


Message History

Something hits the plant.
Something completely misses the plant.
The wight hits the plant with an enchanted halberd!
The wight hits the plant with an enchanted halberd!
Something hits you. Something barely misses you.
The wight hits the plant with an enchanted halberd!
Something closely misses you. Something barely misses you. Something hits you!
* * * LOW HITPOINT WARNING * * *
The wight hits the plant but does no damage.
Something hits you!
* * * LOW HITPOINT WARNING * * *
The wight hits the plant but does no damage.
Something hits you.
* * * LOW HITPOINT WARNING * * *
Something closely misses you. The wight misses you.
Something closely misses you. The wight completely misses you.
Something hits you!
You die...

............###.......# ....#
.##...###.....#.......##.....#
.##....................#......
.###.######....###..(.........
.#..........#...≈...#.Z.......
.#.#.#######..#...#..#.z......
.#.#.......#.##P.P##.#........
##.#.......#..PP.Pz(.#........
...........#≈..P@P.(≈#.....(..
##.#<###...#..PPPPP..#.#......
.#.#.......#.##...##.#.###....
.#.#######.#..#...#((#.# #...
.#.#........#...≈...#..#
.#.#.####......###.....#
.#...#.##.............##
.......##..####.##..###
...........# +##.##


You could see a wight.

Vanquished Creatures
  A two-headed ogre (D:8)
  The ghost of Syrinius the Skirmisher, an amateur DrWn (D:3)
  A wyvern (D:8)
  5 hungry ghosts
  2 two-headed ogre zombies (D:9)
  5 orc warriors
  A sky beast (D:7)
  A necrophage (D:10)
  3 phantoms
  An eye of draining (D:8)
  3 ogres
  2 centaurs
  2 bullfrogs
  Blork the orc (D:4)
  A wyvern zombie (D:6)
  A water moccasin zombie (D:8)
  A scorpion (D:8)
  A water moccasin skeleton (D:10)
  4 killer bees (D:9)
  8 wights
  A jelly (D:8)
  An electric eel (D:10)
  2 howler monkeys (D:5)
  3 bullfrog zombies
  6 crimson imps
  A gnoll shaman (D:9)
  5 orc priests
  2 centaur skeletons
  4 hounds
  Ijyb (D:4)
  A bullfrog skeleton (D:9)
  8 orc wizards
  4 iguanas
  14 worker ants
  6 ogre zombies (D:9)
  A hound zombie (D:5)
  A hound skeleton (D:4)
  A howler monkey skeleton (D:9)
  A worker ant zombie (D:7)
  3 gnolls (D:9)
  17 adders
  2 shadow imps (D:5)
  An ooze (D:3)
  An adder zombie (D:7)
  An adder skeleton (D:7)
  4 worms
  A dart slug (D:1)
  5 leopard geckos
  37 orcs
  2 ball pythons (D:2)
  6 giant cockroaches
  6 goblins
  6 hobgoblins
  7 jackals
  7 quokkas
  5 bats
  5 frilled lizards
  3 goblin skeletons (D:9)
  4 goblin zombies (D:9)
  3 hobgoblin skeletons (D:9)
  4 hobgoblin zombies (D:9)
  2 jackal skeletons
  5 kobolds
  An orc skeleton (D:9)
  10 orc zombies (D:9)
  2 quokka skeletons
  2 quokka zombies (D:5)
  27 rats
  2 plants (D:10)
289 creatures vanquished.

Vanquished Creatures (others)
  2 fungi (D:7)
2 creatures vanquished.

Grand Total: 291 creatures vanquished

Notes
Turn   | Place    | Note
-------+----------+-------------------------------------------
     0 | D:1      | Jannitor the Halfling Wanderer began the quest for the Orb.
     0 | D:1      | Jannitor set off with: a +2 quarterstaff, 2 scrolls of teleportation, a +0 robe, a ration
     0 | D:1      | Reached XP level 1. HP: 14/14 MP: 2/2
   349 | D:1      | Reached XP level 2. HP: 16/19 MP: 3/3
  1120 | D:2      | Reached skill level 2 in Dodging
  1120 | D:2      | Reached XP level 3. HP: 25/25 MP: 4/4
  1603 | D:2      | Reached XP level 4. HP: 22/30 MP: 5/5
  2742 | D:3      | Reached XP level 5. HP: 9/36 MP: 6/6
  2926 | D:3      | Reached skill level 3 in Dodging
  3129 | D:3      | Reached skill level 1 in Throwing
  3160 | D:3      | Noticed Syrinius's ghost (amateur DrWn)
  3187 | D:3      | Killed Syrinius's ghost
  3187 | D:3      | Reached XP level 6. HP: 34/42 MP: 7/7
  3591 | D:4      | Noticed Ijyb
  3603 | D:4      | Killed Ijyb
  3660 | D:4      | Reached XP level 7. HP: 32/46 MP: 8/8
  3934 | D:4      | Reached skill level 4 in Dodging
  4038 | D:4      | Found a radiant altar of Vehumet.
  5170 | D:5      | Entered Level 5 of the Dungeon
  5170 | D:5      | Noticed Blork the orc
  5180 | D:4      | Killed Blork the orc
  5484 | D:5      | Reached XP level 8. HP: 41/54 MP: 9/9
  5503 | D:5      | Gained mutation: You are agile. (Dex +2) [potion of mutation]
  5573 | D:5      | Reached skill level 5 in Dodging
  7386 | D:6      | Reached skill level 5 in Fighting
  7570 | D:6      | Found a glowing silver altar of Zin.
  7570 | D:6      | Found a runed door.
  7570 | D:6      | Noticed an angel
  7589 | D:6      | Reached XP level 9. HP: 58/61 MP: 10/10
  7923 | D:6      | Reached skill level 6 in Dodging
  8347 | D:7      | Reached skill level 5 in Throwing
  8516 | D:7      | Reached skill level 5 in Staves
  8821 | D:7      | Found a staircase to the Ecumenical Temple.
  9344 | D:7      | Found a runed door.
  9962 | D:8      | Noticed a two-headed ogre
 10006 | D:8      | Killed a two-headed ogre
 10006 | D:8      | Reached skill level 7 in Dodging
 10006 | D:8      | Reached XP level 10. HP: 26/69 MP: 11/11
 10688 | D:8      | Reached skill level 8 in Dodging
 12209 | D:9      | Found a staircase to the Orcish Mines.
 12868 | D:9      | Reached XP level 11. HP: 61/75 MP: 12/12
 12960 | D:10     | Entered Level 10 of the Dungeon
 13888 | D:10     | Reached skill level 9 in Dodging
 14234 | D:10     | Found a staircase to the Lair.
 14296 | D:10     | Slain by an unseen horror

Skill      XL: |  1  2  3  4  5  6  7  8  9 10 11 |
---------------+----------------------------------+-----
Fighting       | 2 3 4 5 6 7 |  7.6
Staves         | 2 3 4 5 6 7 |  7.0
Dodging        | 2 3 4 5 7 8 9 |  9.0
Throwing       | 2 3 4 6 7 |  7.8
Stealth        | |  1.1
Shields        | |  1.1
Spellcasting   | |  1.0
Conjurations   | |  1.5

Action                   |  1- 3 |  4- 6 |  7- 9 | 10-12 || total
-------------------------+-------+-------+-------+-------++-------
Melee: Quarterstaff      |    73 |    95 |   319 |    23 ||   510
       Lajatang          |       |       |       |   258 ||   258
 Fire: Hunting sling     |       |    49 |   233 |   235 ||   517
Evoke: Wand              |       |       |     4 |     1 ||     5
  Use: Potion            |     2 |     2 |     9 |     3 ||    16
       Scroll            |       |     3 |     4 |     3 ||    10
 Stab: Sleeping          |     2 |       |       |       ||     2
       Distracted        |       |       |     2 |       ||     2
  Eat: Chunk             |     1 |     8 |    15 |     6 ||    30
       Ration            |       |       |     1 |     4 ||     5
Armor: Robe              |    10 |     2 |    28 |    26 ||    66
       Skin              |       |    17 |       |       ||    17
Dodge: Dodged            |    57 |    53 |   325 |   319 ||   754
